[Event "Live Chess"]
[Site "Chess.com"]
[Date "2010.12.15"]
[Round "-"]
[White "cesarcavalli"]
[Black "hipposcottimus"]
[Result "1-0"]
[CurrentPosition "rn3rk1/ppq2ppp/2pP1n2/3p3b/3Pp3/1P2PN1P/PB1NBPP1/R2Q1RK1 b - -"]
[Timezone "UTC"]
[ECO "D02"]
[ECOUrl "https://www.chess.com/openings/Queens-Pawn-Opening-Anti-Torre-Attack"]
[UTCDate "2010.12.15"]
[UTCTime "00:58:51"]
[WhiteElo "1805"]
[BlackElo "1642"]
[TimeControl "60"]
[Termination "cesarcavalli won by resignation"]
[StartTime "00:58:51"]
[EndDate "2010.12.15"]
[EndTime "00:59:42"]
[Link "https://www.chess.com/game/live/77386298"]

1. d4 d5 2. Nf3 Bg4 3. e3 Nf6 4. Be2 e6 5. O-O Bd6 6. b3 c6 7. Bb2 O-O 8. Nbd2 Qc7 9. h3 Bh5 10. c4 e5 11. c5 e4 12. cxd6 1-0

[Event "Live Chess"]
[Site "Chess.com"]
[Date "2010.12.15"]
[Round "-"]
[White "hipposcottimus"]
[Black "cesarcavalli"]
[Result "0-1"]
[CurrentPosition "r1b1k3/pp2bpp1/4p1p1/3p3r/3B4/2P1N3/PP1Q1PPq/R4RK1 w q -"]
[Timezone "UTC"]
[ECO "C02"]
[ECOUrl "https://www.chess.com/openings/French-Defense-Advance-Nimzowitsch-System"]
[UTCDate "2010.12.15"]
[UTCTime "00:57:38"]
[WhiteElo "1647"]
[BlackElo "1800"]
[TimeControl "60"]
[Termination "cesarcavalli won by checkmate"]
[StartTime "00:57:38"]
[EndDate "2010.12.15"]
[EndTime "00:58:37"]
[Link "https://www.chess.com/game/live/77386041"]

1. e4 e6 2. Nf3 d5 3. e5 c5 4. d4 Nc6 5. Be3 cxd4 6. Bxd4 Nge7 7. c3 Ng6 8. Bd3 Qc7 9. Bxg6 hxg6 10. O-O Be7 11. Qd2 Rh5 12. Na3 Nxe5 13. Nxe5 Rxe5 14. Nc2 Rh5 15. Ne3 Qxh2# 0-1

[Event "Live Chess"]
[Site "Chess.com"]
[Date "2010.12.14"]
[Round "-"]
[White "kinghenry13"]
[Black "hipposcottimus"]
[Result "0-1"]
[CurrentPosition "r4k2/pp3p2/5P2/5p2/2PB4/3n4/PP4PP/6KR w - -"]
[Timezone "UTC"]
[ECO "C31"]
[ECOUrl "https://www.chess.com/openings/Kings-Gambit-Declined-Falkbeer-Accepted-Staunton-Line"]
[UTCDate "2010.12.14"]
[UTCTime "17:22:46"]
[WhiteElo "1620"]
[BlackElo "1652"]
[TimeControl "60"]
[Termination "hipposcottimus won on time"]
[StartTime "17:22:46"]
[EndDate "2010.12.14"]
[EndTime "17:24:37"]
[Link "https://www.chess.com/game/live/77264597"]

1. e4 e5 2. f4 d5 3. exd5 e4 4. c4 Nf6 5. Nc3 c6 6. d3 cxd5 7. dxe4 dxe4 8. Qxd8+ Kxd8 9. Be3 Bd6 10. Nh3 Ke7 11. Ng5 Re8 12. Ngxe4 Kf8 13. Nxf6 Re6 14. Nxh7+ Kg8 15. Kf2 Kxh7 16. Bd3+ g6 17. Rae1 Kg8 18. Nd5 Nc6 19. f5 Re5 20. f6 Bf5 21. Bxf5 Rxf5+ 22. Kg1 Ne5 23. Bd4 Nd3 24. Re7 Bxe7 25. Nxe7+ Kf8 26. Nxf5 gxf5 0-1

[Event "Live Chess"]
[Site "Chess.com"]
[Date "2010.12.14"]
[Round "-"]
[White "hipposcottimus"]
[Black "rudebwoi"]
[Result "1-0"]
[CurrentPosition "6k1/1q4p1/6QN/3p4/p2P4/4PK2/6PP/8 b - -"]
[Timezone "UTC"]
[ECO "C00"]
[ECOUrl "https://www.chess.com/openings/French-Defense-Knight-Variation"]
[UTCDate "2010.12.14"]
[UTCTime "17:20:25"]
[WhiteElo "1644"]
[BlackElo "1568"]
[TimeControl "60"]
[Termination "hipposcottimus won on time"]
[StartTime "17:20:25"]
[EndDate "2010.12.14"]
[EndTime "17:22:22"]
[Link "https://www.chess.com/game/live/77263930"]

1. e4 e6 2. Nf3 d6 3. d4 Nc6 4. c4 d5 5. cxd5 exd5 6. e5 Bg4 7. Nc3 Bb4 8. Bb5 a6 9. Bxc6+ bxc6 10. O-O Ne7 11. a3 Bxc3 12. bxc3 O-O 13. Qd3 f6 14. Bd2 fxe5 15. Nxe5 Qd6 16. Nxg4 c5 17. Qh3 cxd4 18. cxd4 Nf5 19. Be3 Nxe3 20. fxe3 Rxf1+ 21. Rxf1 Rf8 22. Ne5 Rxf1+ 23. Kxf1 h6 24. Kg1 Qxa3 25. Qc8+ Kh7 26. Qxc7 Qa1+ 27. Kf2 Qb2+ 28. Kf3 a5 29. Qf7 a4 30. Qg6+ Kg8 31. Qf7+ Kh7 32. Qg6+ Kg8 33. Nf7 Qb7 34. Nxh6+ 1-0

[Event "Live Chess"]
[Site "Chess.com"]
[Date "2010.12.14"]
[Round "-"]
[White "SaidTaktak"]
[Black "hipposcottimus"]
[Result "1-0"]
[CurrentPosition "5k1R/pp1R4/6p1/2p2r2/2P5/6K1/nr6/8 b - -"]
[Timezone "UTC"]
[ECO "C42"]
[ECOUrl "https://www.chess.com/openings/Petrovs-Defense-Urusov-Gambit"]
[UTCDate "2010.12.14"]
[UTCTime "14:00:46"]
[WhiteElo "1440"]
[BlackElo "1437"]
[TimeControl "360"]
[Termination "SaidTaktak won by checkmate"]
[StartTime "14:00:46"]
[EndDate "2010.12.14"]
[EndTime "14:08:39"]
[Link "https://www.chess.com/game/live/77212169"]

1. e4 e5 2. Bc4 Nf6 3. Nf3 d5 4. exd5 e4 5. Qe2 Nxd5 6. Qxe4+ Ne7 7. Ng5 Be6 8. Bxe6 fxe6 9. Qxe6 Qd5 10. Qf7+ Qxf7 11. Nxf7 Kxf7 12. O-O Ng6 13. f4 Be7 14. f5 Ne5 15. d4 Nec6 16. d5 Nb4 17. Na3 Nxd5 18. c4 Nf6 19. Nc2 Rf8 20. g4 Kg8 21. g5 Ne4 22. Nd4 Nxg5 23. h4 Ne4 24. Re1 Bc5 25. Rxe4 Rxf5 26. b4 Bxd4+ 27. Rxd4 Nc6 28. Rg4 Nxb4 29. Bb2 g6 30. h5 Rxh5 31. Rd1 Nxa2 32. Rd7 Rc5 33. Rg7+ Kf8 34. Rf4+ Rf5 35. Rd4 c5 36. Rdd7 Re8 37. Rxh7 Re1+ 38. Kg2 Re2+ 39. Kg3 Rxb2 40. Rh8# 1-0

[Event "Live Chess"]
[Site "Chess.com"]
[Date "2010.12.14"]
[Round "-"]
[White "hipposcottimus"]
[Black "Witty29"]
[Result "0-1"]
[CurrentPosition "8/8/1k6/7K/8/8/6q1/5r2 b - -"]
[Timezone "UTC"]
[ECO "C41"]
[ECOUrl "https://www.chess.com/openings/Philidor-Defense-3.Bc4"]
[UTCDate "2010.12.14"]
[UTCTime "13:56:30"]
[WhiteElo "1637"]
[BlackElo "1651"]
[TimeControl "60"]
[Termination "Witty29 won by resignation"]
[StartTime "13:56:30"]
[EndDate "2010.12.14"]
[EndTime "13:58:55"]
[Link "https://www.chess.com/game/live/77211038"]

1. e4 e5 2. Nf3 d6 3. Bc4 c5 4. d4 h6 5. dxe5 a6 6. exd6 Bxd6 7. O-O Qc7 8. e5 Be7 9. Re1 Nc6 10. e6 Bxe6 11. Bxe6 fxe6 12. Rxe6 Nf6 13. Qe2 O-O 14. Ne5 Nxe5 15. Qxe5 Bd6 16. Qe4 Bxh2+ 17. Kf1 Qb6 18. Rxb6 Nxe4 19. Rxb7 Rfd8 20. Nc3 Nxc3 21. bxc3 Rd1+ 22. Ke2 Rh1 23. Rab1 Rd8 24. Rb8 Rxb8 25. Rxb8+ Kf7 26. Ba3 Bxb8 27. Bxc5 Ra1 28. a3 Ra2 29. Kd2 Bc7 30. Bb4 Be5 31. c4 Ke6 32. Bc3 Bd6 33. Bb4 Bxb4+ 34. axb4 Ra4 35. Kc3 Ra1 36. c5 Rg1 37. c6 Kd6 38. c7 Kxc7 39. b5 Kb6 40. Kb4 axb5 41. c3 Rxg2 42. c4 bxc4 43. Kxc4 Rxf2 44. Kd4 g5 45. Ke5 Rf8 46. Ke4 g4 47. Ke5 g3 48. Ke6 g2 49. Ke7 Rf1 50. Kd6 g1=Q 51. Kd5 Qc5+ 52. Ke6 Rd1 53. Kf6 Qe3 54. Kg6 Rf1 55. Kh5 Qg3 56. Kxh6 Qg2 57. Kh5 0-1

[Event "Live Chess"]
[Site "Chess.com"]
[Date "2010.12.14"]
[Round "-"]
[White "dantime13"]
[Black "hipposcottimus"]
[Result "0-1"]
[CurrentPosition "4rrk1/pp3ppp/8/3P3n/1P6/8/P7/4K3 w - -"]
[Timezone "UTC"]
[ECO "C40"]
[ECOUrl "https://www.chess.com/openings/Kings-Pawn-Opening-Kings-Knight-Gunderam-Gambit"]
[UTCDate "2010.12.14"]
[UTCTime "11:48:29"]
[WhiteElo "1629"]
[BlackElo "1645"]
[TimeControl "60"]
[Termination "hipposcottimus won by resignation"]
[StartTime "11:48:29"]
[EndDate "2010.12.14"]
[EndTime "11:50:27"]
[Link "https://www.chess.com/game/live/77183493"]

1. e4 e5 2. Nf3 c6 3. c3 d5 4. exd5 e4 5. c4 exf3 6. Qxf3 cxd5 7. cxd5 Be7 8. Bc4 Nf6 9. O-O O-O 10. d3 Qe8 11. Rd1 Bg4 12. Qe3 Bxd1 13. Nc3 Bh5 14. g4 Bxg4 15. f3 Bh5 16. Bd2 Bg6 17. b4 Nbd7 18. Qf2 Bd6 19. f4 Nh5 20. Re1 Qd8 21. Re3 Bxf4 22. Re2 Bxd2 23. Rxd2 Qg5+ 24. Kf1 Bxd3+ 25. Rxd3 Qc1+ 26. Nd1 Qxc4 27. Kg1 Qxd3 28. Ne3 Qg6+ 29. Ng4 Ne5 30. h3 Nxg4 31. hxg4 Qxg4+ 32. Kf1 Qd1+ 33. Qe1 Qxe1+ 34. Kxe1 Rae8+ 0-1

[Event "Live Chess"]
[Site "Chess.com"]
[Date "2010.12.14"]
[Round "-"]
[White "hipposcottimus"]
[Black "dantime13"]
[Result "1-0"]
[CurrentPosition "8/p1r5/2kp4/2pb4/Pp1p4/7R/2P2PPP/3R2K1 b - -"]
[Timezone "UTC"]
[ECO "B12"]
[ECOUrl "https://www.chess.com/openings/Caro-Kann-Defense-2.d4"]
[UTCDate "2010.12.14"]
[UTCTime "11:45:47"]
[WhiteElo "1637"]
[BlackElo "1637"]
[TimeControl "60"]
[Termination "hipposcottimus won on time"]
[StartTime "11:45:47"]
[EndDate "2010.12.14"]
[EndTime "11:48:05"]
[Link "https://www.chess.com/game/live/77182919"]

1. e4 c6 2. d4 b5 3. d5 Bb7 4. d6 exd6 5. Nf3 d5 6. e5 f6 7. Qe2 fxe5 8. Nxe5 Ne7 9. Qh5+ g6 10. Qe2 Bg7 11. Bg5 Bxe5 12. Qxe5 Rf8 13. Bd3 Rf5 14. Qh8+ Rf8 15. Qg7 Nf5 16. Qe5+ Ne7 17. O-O d6 18. Qe6 Bc8 19. Bxg6+ Rf7 20. Bxf7+ Kf8 21. Bxe7+ Qxe7 22. Qxe7+ Kxe7 23. Re1+ Kxf7 24. Nc3 Be6 25. Rad1 Nd7 26. Re2 b4 27. Rde1 Re8 28. Na4 Nc5 29. b3 Nxa4 30. bxa4 c5 31. Re3 d4 32. Rf3+ Ke7 33. Rf1 Kd7 34. Rg3 Bc4 35. Rg7+ Kc6 36. Rd1 Bxa2 37. Rxh7 Bd5 38. Rh6 Rc8 39. Rh7 Rc7 40. Rh3 1-0

[Event "Live Chess"]
[Site "Chess.com"]
[Date "2010.12.14"]
[Round "-"]
[White "dantime13"]
[Black "hipposcottimus"]
[Result "0-1"]
[CurrentPosition "8/6k1/6pp/4R3/5R2/1r5P/6K1/8 w - -"]
[Timezone "UTC"]
[ECO "C41"]
[ECOUrl "https://www.chess.com/openings/Philidor-Defense"]
[UTCDate "2010.12.14"]
[UTCTime "11:43:04"]
[WhiteElo "1645"]
[BlackElo "1629"]
[TimeControl "60"]
[Termination "hipposcottimus won on time"]
[StartTime "11:43:04"]
[EndDate "2010.12.14"]
[EndTime "11:45:27"]
[Link "https://www.chess.com/game/live/77182377"]

1. e4 e5 2. Nf3 d6 3. c3 Bg4 4. d4 Bxf3 5. Qxf3 exd4 6. cxd4 Nc6 7. d5 Ne5 8. Qe3 Nf6 9. f4 Be7 10. fxe5 dxe5 11. g3 O-O 12. Bb5 c6 13. Bc4 cxd5 14. exd5 Bb4+ 15. Bd2 Nxd5 16. Bxd5 Bxd2+ 17. Qxd2 Rc8 18. Bxb7 Qxd2+ 19. Nxd2 Rfd8 20. Bxc8 Rxc8 21. Rd1 Rb8 22. O-O Rxb2 23. Rf2 f6 24. Rdf1 Rxa2 25. Nc4 Ra4 26. Nd6 Rg4 27. h3 Rxg3+ 28. Rg2 Re3 29. Nb7 Kf7 30. Nc5 a5 31. Na4 Re4 32. Re1 Rxa4 33. Rc1 Rb4 34. Rc7+ Ke6 35. Ra7 a4 36. Ra6+ Kf7 37. Ra7+ Ke6 38. Rd2 a3 39. Ra6+ Kf5 40. Rf2+ Ke4 41. Rxa3 Kd5 42. Raa2 Ke6 43. Rfd2 g6 44. Ra6+ Kf5 45. Rf2+ Kg5 46. Raxf6 Kh6 47. Re6 Rb1+ 48. Kg2 Rb3 49. Rxe5 Kg7 50. Rf4 h6 0-1

[Event "Live Chess"]
[Site "Chess.com"]
[Date "2010.12.14"]
[Round "-"]
[White "hipposcottimus"]
[Black "dantime13"]
[Result "1-0"]
[CurrentPosition "8/8/4R3/p7/1P3P2/1P5P/6PK/4Qk2 b - -"]
[Timezone "UTC"]
[ECO "B10"]
[ECOUrl "https://www.chess.com/openings/Caro-Kann-Defense-Accelerated-Panov-Attack"]
[UTCDate "2010.12.14"]
[UTCTime "11:40:34"]
[WhiteElo "1620"]
[BlackElo "1654"]
[TimeControl "60"]
[Termination "hipposcottimus won by checkmate"]
[StartTime "11:40:34"]
[EndDate "2010.12.14"]
[EndTime "11:42:45"]
[Link "https://www.chess.com/game/live/77181892"]

1. e4 c6 2. c4 b5 3. cxb5 cxb5 4. Bxb5 a6 5. Ba4 Bb7 6. d3 g6 7. Nf3 Bg7 8. O-O Nf6 9. Nc3 O-O 10. e5 Nd5 11. Nxd5 Bxd5 12. d4 d6 13. Bb3 Bxb3 14. axb3 dxe5 15. Ra4 exd4 16. Nxd4 Bxd4 17. Rxd4 Qb6 18. Kh1 Nc6 19. Rd2 Rad8 20. Re1 Rxd2 21. Qxd2 Rd8 22. Qe2 Nd4 23. Qe3 Kh8 24. b4 Rd7 25. b3 Rd6 26. Bb2 Re6 27. Bxd4+ Qxd4 28. Qxd4+ f6 29. Rxe6 Kg7 30. Qd8 Kh6 31. Qxe7 Kg5 32. Qxf6+ Kh6 33. Qf8+ Kh5 34. f4 Kg4 35. h3+ Kg3 36. Qg7 Kf2 37. Qxh7 Kf1 38. Qxg6 Kf2 39. Kh2 Kf1 40. Qg3 a5 41. Qe1# 1-0

[Event "Live Chess"]
[Site "Chess.com"]
[Date "2010.12.14"]
[Round "-"]
[White "dantime13"]
[Black "hipposcottimus"]
[Result "1-0"]
[CurrentPosition "5rk1/pp4pp/2p1P3/8/N7/1P4P1/PB1P1bQ1/RN1K4 b - -"]
[Timezone "UTC"]
[ECO "C44"]
[ECOUrl "https://www.chess.com/openings/Ponziani-Opening"]
[UTCDate "2010.12.14"]
[UTCTime "11:38:21"]
[WhiteElo "1663"]
[BlackElo "1611"]
[TimeControl "60"]
[Termination "dantime13 won on time"]
[StartTime "11:38:21"]
[EndDate "2010.12.14"]
[EndTime "11:40:18"]
[Link "https://www.chess.com/game/live/77181362"]

1. e4 e5 2. Nf3 Nc6 3. c3 Nd4 4. cxd4 exd4 5. Nxd4 d6 6. Nb5 c6 7. N5c3 Nf6 8. f3 d5 9. e5 Qe7 10. f4 d4 11. Na4 Nd5 12. b3 Nxf4 13. Qe2 d3 14. Qe4 Qg5 15. g3 Bf5 16. Qc4 Nh3 17. Bxd3 Be7 18. Bxf5 Qxf5 19. Rf1 Qg4 20. Qxg4 O-O 21. Qxh3 f5 22. g4 fxg4 23. Qg2 Bb4 24. Rxf8+ Rxf8 25. Bb2 Bc5 26. e6 Bf2+ 27. Kd1 g3 28. hxg3 1-0

[Event "Live Chess"]
[Site "Chess.com"]
[Date "2010.12.14"]
[Round "-"]
[White "hipposcottimus"]
[Black "dantime13"]
[Result "0-1"]
[CurrentPosition "r1k2n2/pb5p/3P4/1p6/8/2N3Q1/PP3K1P/R1B1q2q w - -"]
[Timezone "UTC"]
[ECO "B12"]
[ECOUrl "https://www.chess.com/openings/Caro-Kann-Defense-2.d4"]
[UTCDate "2010.12.14"]
[UTCTime "11:36:04"]
[WhiteElo "1618"]
[BlackElo "1656"]
[TimeControl "60"]
[Termination "dantime13 won by checkmate"]
[StartTime "11:36:04"]
[EndDate "2010.12.14"]
[EndTime "11:37:57"]
[Link "https://www.chess.com/game/live/77180949"]

1. e4 c6 2. d4 b5 3. e5 Bb7 4. f4 Qc7 5. Nf3 d6 6. c4 dxe5 7. d5 cxd5 8. cxd5 Ba6 9. fxe5 Nd7 10. d6 Qb7 11. Be2 f6 12. O-O fxe5 13. Qb3 e4 14. Ng5 Ngf6 15. Qf7+ Kd8 16. Ne6+ Kc8 17. Nxf8 Rxf8 18. Qxe7 Qb6+ 19. Kh1 Bb7 20. Nc3 e3 21. Rxf6 Rxf6 22. Qxg7 Qc6 23. Bf3 Rxf3 24. Qg8+ Nf8 25. gxf3 Qxf3+ 26. Kg1 e2 27. Qg3 Qh1+ 28. Kf2 e1=Q# 0-1

[Event "Live Chess"]
[Site "Chess.com"]
[Date "2010.12.14"]
[Round "-"]
[White "dantime13"]
[Black "hipposcottimus"]
[Result "0-1"]
[CurrentPosition "6k1/pp3p1p/2p3p1/3nP1n1/4b3/Q5B1/6KP/8 w - -"]
[Timezone "UTC"]
[ECO "C42"]
[ECOUrl "https://www.chess.com/openings/Petrovs-Defense"]
[UTCDate "2010.12.14"]
[UTCTime "11:33:46"]
[WhiteElo "1649"]
[BlackElo "1625"]
[TimeControl "60"]
[Termination "hipposcottimus won on time"]
[StartTime "11:33:46"]
[EndDate "2010.12.14"]
[EndTime "11:35:52"]
[Link "https://www.chess.com/game/live/77180424"]

1. e4 e5 2. Nf3 Nf6 3. c3 d6 4. Qe2 d5 5. d4 dxe4 6. dxe5 exf3 7. gxf3 Nd5 8. c4 Nb6 9. Bg2 Bb4+ 10. Nc3 Bxc3+ 11. bxc3 O-O 12. Bf4 Re8 13. Rd1 c6 14. Rxd8 Rxd8 15. O-O Re8 16. Re1 Be6 17. Bg3 Bxc4 18. Qd2 N8d7 19. f4 Nc5 20. f3 Nd3 21. Rd1 Rad8 22. Qc2 Nb4 23. Qb2 Nxa2 24. Rxd8 Rxd8 25. Bf1 Rd1 26. Kg2 Bxf1+ 27. Kf2 Bc4 28. Ke3 Rd3+ 29. Ke4 Nxc3+ 30. Kf5 g6+ 31. Kg4 Be6+ 32. f5 Bxf5+ 33. Kf4 Rxf3+ 34. Kxf3 Ne4 35. Qc3 Nd5 36. Qa3 Ng5+ 37. Kg2 Be4+ 0-1

[Event "Live Chess"]
[Site "Chess.com"]
[Date "2010.12.14"]
[Round "-"]
[White "hipposcottimus"]
[Black "dantime13"]
[Result "1-0"]
[CurrentPosition "2b5/3k3p/p2r2p1/1pQ5/8/8/P1R3PP/2K5 b - -"]
[Timezone "UTC"]
[ECO "B10"]
[ECOUrl "https://www.chess.com/openings/Caro-Kann-Defense"]
[UTCDate "2010.12.14"]
[UTCTime "11:31:12"]
[WhiteElo "1616"]
[BlackElo "1658"]
[TimeControl "60"]
[Termination "hipposcottimus won on time"]
[StartTime "11:31:12"]
[EndDate "2010.12.14"]
[EndTime "11:33:28"]
[Link "https://www.chess.com/game/live/77179901"]

1. e4 c6 2. e5 b5 3. d4 a6 4. c4 Bb7 5. c5 g6 6. f4 f6 7. Nf3 fxe5 8. fxe5 Bg7 9. Be2 e6 10. O-O d5 11. Bg5 Ne7 12. Bf6 Bxf6 13. exf6 Nf5 14. Ne5 Ne3 15. Qd3 Nxf1 16. Bxf1 Rf8 17. Qf3 Rxf6 18. Qg3 Qe7 19. Nc3 Nd7 20. Ne2 Nxe5 21. dxe5 Rf5 22. Nf4 d4 23. Bd3 Rf8 24. Qf3 Qxc5 25. Qg3 Rd8 26. Be4 d3+ 27. Kf1 Qc4 28. Rd1 d2+ 29. Kf2 Qxe4 30. Kg1 Qd4+ 31. Kf1 Qxb2 32. Ke2 Qc2 33. Nxe6 Rf7 34. Nxd8 Kxd8 35. e6 Re7 36. Qb8+ Bc8 37. Rxd2+ Ke8 38. Rxc2 Rxe6+ 39. Kd2 Kd7 40. Kc1 Rd6 41. Qb6 c5 42. Qxc5 1-0

[Event "Live Chess"]
[Site "Chess.com"]
[Date "2010.12.14"]
[Round "-"]
[White "dantime13"]
[Black "hipposcottimus"]
[Result "1-0"]
[CurrentPosition "5r2/1Rk4p/2p5/3p1P2/8/7r/P4P1P/1R5K b - -"]
[Timezone "UTC"]
[ECO "C44"]
[ECOUrl "https://www.chess.com/openings/Ponziani-Opening-Ponziani-Countergambit"]
[UTCDate "2010.12.14"]
[UTCTime "11:28:37"]
[WhiteElo "1667"]
[BlackElo "1607"]
[TimeControl "60"]
[Termination "dantime13 won on time"]
[StartTime "11:28:37"]
[EndDate "2010.12.14"]
[EndTime "11:30:50"]
[Link "https://www.chess.com/game/live/77179363"]

1. e4 e5 2. Nf3 Nc6 3. c3 f5 4. exf5 d5 5. g4 e4 6. Nd4 Nxd4 7. cxd4 g6 8. Bh3 gxf5 9. gxf5 Bd7 10. Qh5+ Ke7 11. d3 Nf6 12. Bg5 Bg7 13. Bxf6+ Bxf6 14. Qe2 Qf8 15. Rg1 Kd8 16. Nd2 c6 17. Rc1 Kc7 18. Nb3 exd3 19. Qxd3 Re8+ 20. Kf1 Re4 21. Nc5 Rxd4 22. Qg3+ Kb6 23. Nxd7+ Ka6 24. Nxf8 Rxf8 25. Qa3+ Kb6 26. Kg2 Kc7 27. Kh1 Rh4 28. Rg3 Rh5 29. Qxa7 Be5 30. Rg2 Bxb2 31. Rb1 Bd4 32. Rg3 Bxa7 33. Rgb3 Bb6 34. Rxb6 Rxh3 35. Rxb7+ 1-0

[Event "Live Chess"]
[Site "Chess.com"]
[Date "2010.12.14"]
[Round "-"]
[White "hipposcottimus"]
[Black "dantime13"]
[Result "1-0"]
[CurrentPosition "2r1r1k1/1b1q1pQp/6p1/3p4/4p3/1P6/PBB2PPP/R3R1K1 b - -"]
[Timezone "UTC"]
[ECO "B12"]
[ECOUrl "https://www.chess.com/openings/Caro-Kann-Defense-2.d4"]
[UTCDate "2010.12.14"]
[UTCTime "11:27:13"]
[WhiteElo "1614"]
[BlackElo "1660"]
[TimeControl "60"]
[Termination "hipposcottimus won by checkmate"]
[StartTime "11:27:13"]
[EndDate "2010.12.14"]
[EndTime "11:28:16"]
[Link "https://www.chess.com/game/live/77179068"]

1. e4 c6 2. d4 b5 3. d5 a6 4. dxc6 Nxc6 5. Nf3 Bb7 6. c4 Rc8 7. cxb5 axb5 8. Bxb5 d6 9. Nc3 e5 10. Nd5 Ne7 11. O-O Nxd5 12. exd5 Qd7 13. dxc6 Bxc6 14. Bd3 g6 15. Re1 Bg7 16. Be4 d5 17. Bc2 e4 18. Nd4 Bxd4 19. Qxd4 O-O 20. b3 Rfe8 21. Bb2 Bb7 22. Qg7# 1-0

[Event "Live Chess"]
[Site "Chess.com"]
[Date "2010.12.14"]
[Round "-"]
[White "dantime13"]
[Black "hipposcottimus"]
[Result "1-0"]
[CurrentPosition "8/8/1p5q/7P/1kp3R1/8/5PK1/8 b - -"]
[Timezone "UTC"]
[ECO "C44"]
[ECOUrl "https://www.chess.com/openings/Ponziani-Opening-3...d5"]
[UTCDate "2010.12.14"]
[UTCTime "11:24:34"]
[WhiteElo "1669"]
[BlackElo "1605"]
[TimeControl "60"]
[Termination "dantime13 won on time"]
[StartTime "11:24:34"]
[EndDate "2010.12.14"]
[EndTime "11:26:49"]
[Link "https://www.chess.com/game/live/77178527"]

1. e4 e5 2. Nf3 Nc6 3. c3 d5 4. d4 dxe4 5. Nxe5 Nxe5 6. dxe5 Qxd1+ 7. Kxd1 Ne7 8. Bd2 Ng6 9. c4 Nxe5 10. Nc3 Be6 11. Nxe4 Nxc4 12. Bxc4 Bxc4 13. Rc1 Bd5 14. Ng5 Bxg2 15. Rg1 Bc6 16. b4 O-O-O 17. a3 Ba4+ 18. Ke1 Be7 19. Nxf7 Rhe8 20. Nxd8 Bxd8+ 21. Kf1 g6 22. Bg5 Bc6 23. Bxd8 Bb5+ 24. Kg2 Rxd8 25. Rge1 Rd2 26. Re8+ Kd7 27. Re3 Ra2 28. Rce1 Rxa3 29. Rxa3 Bc6+ 30. Kf1 Bd5 31. Kg1 Kc6 32. Rd3 Bc4 33. Rd4 Bd5 34. Red1 Bc4 35. Rxc4+ Kb5 36. Rdc1 c6 37. R4c2 a5 38. Re2 axb4 39. Re7 b6 40. Rxh7 c5 41. Rg7 c4 42. Rxg6 b3 43. h4 Kb4 44. Rg5 b2 45. Rg4 bxc1=Q+ 46. Kg2 Qh6 47. h5 1-0

[Event "Live Chess"]
[Site "Chess.com"]
[Date "2010.12.14"]
[Round "-"]
[White "hipposcottimus"]
[Black "dantime13"]
[Result "1-0"]
[CurrentPosition "k7/1Q2Rp1p/6p1/pp6/8/7P/P4PP1/6K1 b - -"]
[Timezone "UTC"]
[ECO "B12"]
[ECOUrl "https://www.chess.com/openings/Caro-Kann-Defense-2.d4"]
[UTCDate "2010.12.14"]
[UTCTime "11:21:53"]
[WhiteElo "1612"]
[BlackElo "1662"]
[TimeControl "60"]
[Termination "hipposcottimus won by checkmate"]
[StartTime "11:21:53"]
[EndDate "2010.12.14"]
[EndTime "11:23:48"]
[Link "https://www.chess.com/game/live/77177994"]

1. e4 c6 2. d4 b5 3. c4 Bb7 4. cxb5 cxb5 5. Nc3 a6 6. Bd3 g6 7. d5 Bg7 8. Nf3 Bxc3+ 9. bxc3 Qc8 10. O-O Qxc3 11. Rb1 Qf6 12. Bb2 e5 13. dxe6 Qxe6 14. Bxh8 Nf6 15. e5 Ng4 16. h3 Nh6 17. Bf6 Nc6 18. Bg7 Nf5 19. Bf6 Nxe5 20. Re1 Qxf6 21. Nxe5 O-O-O 22. Rc1+ Kb8 23. Be4 d5 24. Nc6+ Bxc6 25. Bxf5 Qxf5 26. Rxc6 Rc8 27. Qc1 Rxc6 28. Qxc6 Qc8 29. Qxd5 Qb7 30. Re8+ Ka7 31. Qd6 Qb6 32. Re7+ Ka8 33. Qxb6 a5 34. Qb7# 1-0

[Event "Live Chess"]
[Site "Chess.com"]
[Date "2010.12.14"]
[Round "-"]
[White "dantime13"]
[Black "hipposcottimus"]
[Result "1-0"]
[CurrentPosition "8/5P2/2k5/8/6Q1/8/3BK3/8 b - -"]
[Timezone "UTC"]
[ECO "C44"]
[ECOUrl "https://www.chess.com/openings/Ponziani-Opening-Jaenisch-Counterattack-4.d4"]
[UTCDate "2010.12.14"]
[UTCTime "11:17:55"]
[WhiteElo "1671"]
[BlackElo "1601"]
[TimeControl "60"]
[Termination "dantime13 won on time"]
[StartTime "11:17:55"]
[EndDate "2010.12.14"]
[EndTime "11:20:21"]
[Link "https://www.chess.com/game/live/77177159"]

1. e4 e5 2. Nf3 Nc6 3. c3 Nf6 4. d4 d5 5. dxe5 dxe4 6. exf6 Qxd1+ 7. Kxd1 exf3 8. gxf3 Be6 9. Bg2 O-O-O+ 10. Bd2 Ne5 11. Re1 Nd3 12. Re2 Nxb2+ 13. Kc2 Nc4 14. a3 gxf6 15. Bf4 Bf5+ 16. Kb3 Na5+ 17. Kb2 Nc4+ 18. Kb3 Na5+ 19. Kb2 Bxa3+ 20. Kxa3 Nc4+ 21. Kb3 Bg6 22. Kxc4 b5+ 23. Kb3 f5 24. Rd2 Rde8 25. Na3 Kb7 26. Nxb5 a6 27. Nd4 Rb8 28. Be3 Ka7+ 29. Kc2 Ka8 30. Nc6 Rbc8 31. Ne7 Rce8 32. Nxg6 fxg6 33. f4+ Kb8 34. Rb1+ Kc8 35. Kd1 Rd8 36. Ke2 Rxd2+ 37. Bxd2 Kd8 38. Rb8+ Ke7 39. Rxh8 Kf7 40. Ra8 Kg7 41. Rxa6 Kh6 42. Ra7 c6 43. Rc7 c5 44. Rc6 Kh5 45. Rxc5 g5 46. Rb5 g4 47. c4 Kh4 48. c5 h5 49. h3 g3 50. fxg3+ Kxg3 51. c6 Kxg2 52. c7 Kxh3 53. c8=Q Kg4 54. Qg8+ Kh4 55. Qh8 Kg4 56. Rxf5 Kxf5 57. Qxh5+ Ke6 58. Qh4 Kd6 59. Qg4 Kc5 60. f5 Kb5 61. f6 Kc6 62. f7 1-0

[Event "Live Chess"]
[Site "Chess.com"]
[Date "2010.12.14"]
[Round "-"]
[White "hipposcottimus"]
[Black "mikage_ayessa"]
[Result "0-1"]
[CurrentPosition "2r2rk1/pp1b1pp1/4p2p/3pP3/7n/7q/P1B2P2/R1Q2RK1 w - -"]
[Timezone "UTC"]
[ECO "C00"]
[ECOUrl "https://www.chess.com/openings/French-Defense-Knight-Variation"]
[UTCDate "2010.12.14"]
[UTCTime "11:15:15"]
[WhiteElo "1608"]
[BlackElo "1833"]
[TimeControl "60"]
[Termination "mikage_ayessa won on time"]
[StartTime "11:15:15"]
[EndDate "2010.12.14"]
[EndTime "11:17:22"]
[Link "https://www.chess.com/game/live/77176628"]

1. e4 e6 2. Nf3 c6 3. c4 d5 4. cxd5 cxd5 5. e5 Nc6 6. d4 Qb6 7. Nc3 Nge7 8. Be3 Qxb2 9. Bb5 Qxc3+ 10. Bd2 Qb2 11. Ba4 Bd7 12. O-O Nf5 13. Bb3 Be7 14. Ng5 Qxd4 15. Nf3 Qg4 16. h3 Qg6 17. Qc1 O-O 18. Bg5 Bxg5 19. Nxg5 h6 20. Nf3 Rac8 21. Bc2 Ncd4 22. Nh4 Qh5 23. g4 Qxh4 24. gxf5 Nxf5 25. Kh1 Qxh3+ 26. Kg1 Nh4 0-1